 Dungeon Crawl Stone Soup version 0.32-a0-713-gb3796b0 (webtiles) character file.

Game seed: 1134129073018201420

13857 PidgeyThePirate the Skirmisher (level 12, -21/96 HPs)
             Began as a Coglin Hunter on Mar 15, 2024.
             Was a High Priest of Okawaru.
             Demolished by a skeletal warrior
             ... wielding a +0 dire flail of pain
              (26 damage)
             ... on level 11 of the Dungeon.
             The game lasted 00:24:07 (10494 turns).

PidgeyThePirate the Skirmisher (Coglin Hunter)     Turns: 10494, Time: 00:24:08

Health: -21/96     AC:  9    Str: 15    XL:     12   Next: 10%
Magic:  12/12      EV: 11    Int: 12    God:    Okawaru [*****.]
Gold:   1466       SH:  0    Dex: 18    Spells: 11/11 levels left

rFire   . . .        a - +3 sling {Takurtum}
rCold   . . .        m - +1 hand cannon of Loal Filo {drain, Int+2}
rNeg    . . .        g - +0 ring mail
rPois   .            (no helmet)
rElec   .            q - +1 cloak
rCorr   .            l - +0 pair of gloves
SInv    .            (no boots)
Will    .....        (amulet unavailable)
Stlth   +            (ring unavailable)
HPRegen 0.36/turn    (ring unavailable)
MPRegen 0.13/turn    (no gizmo)

%: no passive effects
@: hasted, very quick
A: off-hand wielding, slow wielding, warmup strikes, no jewellery
a: Invent Gizmo, Renounce Religion, Heroism, Finesse, Duel


You were on level 11 of the Dungeon.
You worshipped Okawaru.
Okawaru was extremely pleased with you.
You visited 2 branches of the dungeon, and saw 13 of its levels.
You also visited: Ossuary.

You collected 1466 gold pieces.

Inventory:

Hand Weapons
 a - a +3 sling (weapon) {Takurtum}
 m - the +1 hand cannon of Loal Filo (offhand) {drain, Int+2}
   (You acquired it in an ossuary)

   Int+2:     It affects your intelligence (+2).
Missiles
 w - 4 throwing nets
Armour
 c - a +0 leather armour
 g - a +0 ring mail (worn)
 l - a +0 pair of gloves (worn)
 q - a +1 cloak (worn)
Wands
 b - a wand of polymorph (6)
 u - a wand of iceblast (22)
 A - a wand of digging (9)
 B - a wand of paralysis (8)
Scrolls
 h - 2 scrolls of poison
 j - 10 scrolls of identify
 o - 3 scrolls of noise
 r - 3 scrolls of vulnerability
 s - a scroll of silence
 t - 3 scrolls of amnesia
 v - a scroll of revelation
 x - a scroll of enchant weapon
 y - a scroll of torment
 C - 2 scrolls of teleportation
Potions
 d - 2 potions of berserk rage
 e - 2 potions of haste
 f - 3 potions of might
 i - 3 potions of mutation
 k - 2 potions of curing
 p - 4 potions of lignification


   Skills:
 + Level 9.4 Fighting
 + Level 14.8 Ranged Weapons
 + Level 4.7 Armour
 + Level 2.9 Dodging
 + Level 1.5 Stealth


You had 11 spell levels left.
You didn't know any spells.
Your spell library contained the following spells:

 Spells                   Type           Power      Damage    Failure   Level
 Apportation              Tloc           0%         N/A       52%         1
 Necrotise                Necr           0%         1d4       52%         1
 Sting                    Conj/Alch      0%         1d3       52%         1
 Dazzling Flash           Conj/Hex       0%         N/A       88%         3
 Mephitic Cloud           Conj/Alch/Air  0%         N/A       88%         3
 Curse of Agony           Necr           0%         N/A       100%        5
 Silence                  Hex/Air        0%         N/A       100%        5
 Summon Small Mammal      Summ           Unusable   N/A       N/A         1

Dungeon Overview and Level Annotations

Branches:
Dungeon (12/15)            Temple (1/1) D:4            Lair (0/5) D:10
    Orc (0/2) D:12        Ossuary (visited)

Altars:
Ashenzari
Cheibriados
Dithmenos
Elyvilon
Fedhas
Gozag
Hepliaklqana
Kikubaaqudgha
Makhleb
Nemelex Xobeh
Okawaru
Qazlal
Ru
Sif Muna
Trog
Uskayaw
Vehumet
Wu Jian
Xom
Yredelemnul
Zin
The Shining One

Shops:
D:3 =

Portals:
Abyss: D:8

Annotations:
D:8 2 transporters, PidgeyThePirate's ghost, novice CoHu
D:11 Gastronok


Innate Abilities, Weirdness & Mutations

You can wield a second weapon in your off-hand.
It takes a long time for you to wield or remove held weapons.
Your first few attacks do less damage.
You cannot equip rings or amulets.


Message History

The centaur shoots an arrow.
The arrow barely misses you.
Fire: a) +3 sling {Takurtum}
Press: ? - help, Q - select action, (/) - cycle Shift-Dir - straight line, f - centaur
Aim: a centaur, wielding a +0 shortbow (severely wounded, heavily drained, 80% to hit)
You shoot a slug. The slug hits the centaur!
You kill the centaur!
Okawaru accepts your kill.
You shoot a sling bullet.
Items here: )) รทรท.
Done exploring.
Done exploring.
There is a stone staircase leading down, spattered with blood here.
You climb downwards.
The yak bellows! x2
The skeletal warrior barely misses you.
The skeletal warrior hits you with a +0 dire flail of pain!!
You writhe in agony.
The yak barely misses you.
There is a stone staircase leading up, spattered with blood here.
The yak gores you!
The skeletal warrior closely misses you.
The skeletal warrior hits you with a +0 dire flail of pain!
You writhe in agony.
The yak gores you!
You climb upwards.
Level annotation: Gastronok
There is a stone staircase leading down, spattered with blood here.
As you read the scroll of fear, it crumbles to dust.
You assume a fearsome visage.
The yak looks frightened!
The skeletal warrior is unaffected.
The yak looks frightened!
The skeletal warrior is unaffected.
The skeletal warrior barely misses you.
The skeletal warrior hits you with a +0 dire flail.
Okay, then.
You feel yourself speed up.
The skeletal warrior hits you with a +0 dire flail of pain!!
* * * LOW HITPOINT WARNING * * *
You writhe in agony.
* * * LOW HITPOINT WARNING * * *
The skeletal warrior closely misses you.
The skeletal warrior attacks as it pursues you!
The skeletal warrior hits you with a +0 dire flail of pain!!
You die...

### #########.###
##...........##
#........z....##
#........>..Y..#
##.......z@....##
#..>...........#
#..............# #
##...[......Y.##
#########..).<..[...###
.......##.............###
#####........)....##....####
#######......######....######
##....## ######.......


You could see 2 skeletal warriors and 2 yaks.

Vanquished Creatures
  Harold (D:10)
  Erica (D:9)
  A centaur warrior (D:11)
  A boulder beetle (D:11)
  2 two-headed ogres
  Pikel (D:5)
  A manticore (D:9)
  A komodo dragon (D:11)
  A kobold demonologist (D:7)
  2 trolls
  2 polar bears (D:10)
  9 yaks
  A wraith (D:9)
  A wyvern (D:10)
  2 shadows (D:9)
  2 vampires (D:10)
  2 basilisks (D:10)
  2 vampire mosquitoes (D:11)
  A steam dragon (D:8)
  2 acid dragons
  A water moccasin (D:8)
  3 orc warriors
  A black bear (D:7)
  A sky beast (D:7)
  4 ice beasts
  An ogre (D:5)
  7 centaurs
  6 elf zombies (Ossuary)
  6 bullfrogs
  A gnoll sergeant (D:10)
  A scorpion (D:5)
  15 wights
  4 killer bees (D:9)
  A howler monkey (D:5)
  A bombardier beetle (D:3)
  3 centaur zombies (Ossuary)
  A jelly (D:7)
  5 hounds
  A human zombie (Ossuary)
  7 orc priests
  2 gnoll boudas (D:7)
  A sleepcap (D:6)
  2 iguanas
  Ijyb (D:5)
  15 orc wizards
  Natasha (thrice) (D:2)
  4 hound zombies (Ossuary)
  3 mummies
  16 gnolls
  6 adders
  2 shadow imps
  3 ufetubi (D:5)
  6 adder zombies (Ossuary)
  A ribbon worm (D:2)
  5 dart slugs
  38 orcs
  6 bats
  9 endoplasms
  3 giant cockroaches
  7 gnoll zombies (Ossuary)
  7 goblins
  7 hobgoblins
  19 jackals
  4 quokkas
  6 ball pythons
  3 jackal zombies (Ossuary)
  9 kobolds
  3 kobold zombies (Ossuary)
  4 orc zombies (Ossuary)
  6 rats
307 creatures vanquished.

Notes
Turn   | Place    | Note
-------+----------+-------------------------------------------
     0 | D:1      | PidgeyThePirate the Coglin Hunter began the quest for the
                  | Orb.
     0 | D:1      | Reached XP level 1. HP: 16/16 MP: 1/1
    42 | D:1      | Reached XP level 2. HP: 22/22 MP: 2/2
    47 | D:1      | Reached skill level 4 in Ranged Weapons
   131 | D:1      | Reached XP level 3. HP: 27/27 MP: 3/3
   422 | D:1      | Found a faded altar of an unknown god.
   723 | D:2      | Noticed Natasha
   755 | D:2      | Killed Natasha
   756 | D:2      | Reached XP level 4. HP: 34/34 MP: 4/4
   812 | D:2      | Noticed Natasha
   836 | D:2      | Killed Natasha
   837 | D:2      | Reached skill level 5 in Ranged Weapons
   939 | D:2      | Noticed Natasha
   955 | D:2      | Killed Natasha
   956 | D:2      | Reached XP level 5. HP: 30/39 MP: 5/5
  1660 | D:3      | Found Piagybuo's Jewellery Emporium.
  1748 | D:3      | Reached XP level 6. HP: 47/47 MP: 6/6
  1856 | D:3      | Found a shimmering altar of Xom.
  1857 | D:3      | Found an ornate altar of the Wu Jian Council.
  2211 | D:4      | Found a sand-covered staircase.
  2216 | D:4      | Reached skill level 6 in Ranged Weapons
  2221 | Ossuary  | Entered an ossuary
  2445 | Ossuary  | Reached XP level 7. HP: 18/52 MP: 7/7
  2587 | Ossuary  | Reached skill level 7 in Ranged Weapons
  2605 | Ossuary  | Reached skill level 1 in Armour
  2912 | Ossuary  | Reached XP level 8. HP: 60/60 MP: 8/8
  3026 | Ossuary  | Identified 2 scrolls of acquirement
  3029 | Ossuary  | Acquired the +1 hand cannon of Loal Filo {drain, Int+2}
  3034 | Ossuary  | Acquired 798 gold pieces
  3057 | D:4      | Found a staircase to the Ecumenical Temple.
  3084 | Temple   | Entered the Ecumenical Temple
  3439 | D:4      | Reached skill level 8 in Ranged Weapons
  4007 | D:5      | Entered Level 5 of the Dungeon
  4096 | D:5      | Identified the +3 mace of Yhuqaigg {flame, Dex+4}
  4120 | D:5      | Noticed Pikel
  4132 | D:5      | Killed Pikel
  4133 | D:5      | Reached skill level 9 in Ranged Weapons
  4212 | D:5      | Noticed Ijyb
  4219 | D:5      | Killed Ijyb
  4220 | D:5      | Reached skill level 5 in Fighting
  4220 | D:5      | Reached XP level 9. HP: 55/68 MP: 9/9
  4737 | D:6      | Reached skill level 10 in Ranged Weapons
  4746 | D:6      | Identified the +4 ring mail "Lupan" {-Cast rC+ rN+ Str+2}
  4776 | D:6      | Noticed a two-headed ogre
  4780 | D:6      | Killed a two-headed ogre
  4934 | D:6      | Found an iron altar of Okawaru.
  4938 | D:6      | Found a basalt altar of Yredelemnul.
  4943 | D:6      | Became a worshipper of Warmaster Okawaru
  5326 | D:6      | Reached skill level 11 in Ranged Weapons
  5465 | D:7      | Reached skill level 1 in Stealth
  5530 | D:7      | Noticed a kobold demonologist
  5537 | D:7      | Noticed a rust devil
  5564 | D:7      | Noticed a rust devil
  5565 | D:7      | Killed a kobold demonologist
  5565 | D:7      | Reached * piety under Okawaru
  5617 | D:7      | Reached XP level 10. HP: 76/76 MP: 10/10
  5973 | D:8      | Reached skill level 12 in Ranged Weapons
  6079 | D:8      | Reached ** piety under Okawaru
  6134 | D:8      | Noticed a two-headed ogre
  6140 | D:8      | Killed a two-headed ogre
  6180 | D:8      | Reached *** piety under Okawaru
  6238 | D:8      | Found a transporter.
  6245 | D:8      | Found a transporter.
  6312 | D:8      | Found a one-way gate to the infinite horrors of the Abyss.
  6312 | D:8      | Noticed PidgeyThePirate's ghost (novice CoHu)
  6478 | D:8      | Noticed a red ugly thing
  6539 | D:8      | Reached skill level 13 in Ranged Weapons
  6924 | D:9      | Noticed a manticore
  6931 | D:9      | Killed a manticore
  6931 | D:9      | Reached **** piety under Okawaru
  6932 | D:9      | Reached XP level 11. HP: 76/84 MP: 11/11
  7048 | D:9      | Noticed Erica
  7611 | D:9      | Killed Erica
  7766 | D:10     | Entered Level 10 of the Dungeon
  7830 | D:10     | Noticed Harold
  7837 | D:10     | Paralysed by Harold for 5 turns
  7993 | D:10     | Killed Harold
  7993 | D:10     | Reached ***** piety under Okawaru
  8090 | D:10     | Found a bloodstained altar of Trog.
  8133 | D:10     | Reached skill level 14 in Ranged Weapons
  8251 | D:10     | Found a staircase to the Lair.
  8816 | D:10     | Received a gift from Okawaru
  9470 | D:11     | Noticed a boulder beetle
  9479 | D:11     | Killed a boulder beetle
  9534 | D:11     | Noticed Gastronok
  9535 | D:11     | Noticed a centaur warrior
  9558 | D:11     | HP: 3/89 [centaur/arrow[a centaur warrior] (3)]
  9580 | D:11     | HP: 2/89 [centaur warrior/arrow (4)]
  9946 | D:11     | Identified the +2 quarterstaff "Rawkia" {vamp, rN+ Str-5
                  | Dex+7}
 10103 | D:11     | You fall into a shaft and drop 1 floor!
 10115 | D:12     | Noticed a skeletal warrior
 10118 | D:12     | Noticed a skeletal warrior
 10118 | D:12     | Noticed a skeletal warrior
 10120 | D:12     | Found a staircase to the Orcish Mines.
 10120 | D:12     | Noticed a cyclops
 10122 | D:12     | Noticed a manticore
 10128 | D:11     | Reached XP level 12. HP: 45/95 MP: 12/12
 10281 | D:11     | Killed a centaur warrior
 10493 | D:11     | HP: 4/96 [skeletal warrior/+0 dire flail of pain (1)]
 10494 | D:11     | Demolished by a skeletal warrior

Illustrated notes

Levels and vault maps discovered:
D:1:      lightli_molten_gateway, layout_basic, basic_ecumenical_altar
D:2:      layout_loops_ring, minmay_misc_feat_secret_circle, uniq_natasha
D:3:      layout_loops_ring, mainiacjoe_overflow_catwalk_spiral, serial_shops,
          shop, st_stairs_1, corexii_leaking_fountain
D:4:      layout_gridville, minmay_temple_entry_mini_moons,
          gup_ossuary_entry_pyramid
D:5:      layout_basic, nicolae_zig_zag_zippers, uniq_ijyb, uniq_pikel
D:6:      kennysheep_windowed_halls, layout_loops_corners,
          grunt_temple_overflow_open
D:7:      layout_cave_pools
D:8:      layout_basic, gammafunk_ghost_abyssal_escape,
          dreamdust_princess_corridor
D:9:      layout_rooms, uniq_erica
D:10:     layout_loops_corners, trog_ov_bears_minmay, david_lair_generic,
          uniq_harold
D:11:     layout_cave_pods, uniq_gastronok
D:12:     layout_layer_cave, orc_0_dummy
Temple:   minmay_crystal_spiral_temple

Skill      XL: |  1  2  3  4  5  6  7  8  9 10 11 |
---------------+----------------------------------+-----
Ranged Weapons | 4 5 6 7 9 11 13 14 | 14.8
Fighting       | 3 4 5 6 7 9 |  9.4
Dodging        | 2 |  2.9
Armour         | 1 2 3 4 |  4.7
Stealth        | 1 |  1.5

Action                     |  1- 3 |  4- 6 |  7- 9 | 10-12 || total
---------------------------+-------+-------+-------+-------++-------
  Melee: Unarmed           |     3 |     1 |       |       ||     4
   Fire: Sling             |   146 |   344 |   344 |   341 ||  1175
         Hand cannon       |       |       |   152 |   341 ||   493
    Use: Potion            |     3 |       |     6 |     4 ||    13
         Scroll            |     1 |       |    11 |    15 ||    27
 Armour: Leather armour    |     1 |       |       |       ||     1
         Ring mail         |     6 |    73 |   104 |   148 ||   331
         Skin              |    14 |     4 |       |       ||    18
  Dodge: Dodged            |    13 |    78 |    70 |    94 ||   255

Table legend: (Time is in decaauts)
 A = Elapsed time spent in this place.
 B = Non-inter-level travel time spent in this place.
 C = Inter-level travel time spent in this place.
 D = Time resting spent in this place.
 E = Time spent auto-exploring this place.
 F = Levels seen in this place.
 G = Mean time per level.
                   A        B        C        D        E       F      G
               +--------+--------+--------+--------+--------+-----+--------+
         Total |  10616 |  10037 |    579 |      0 |   8013 |  14 |  758.3 |
       Dungeon |   9472 |   9105 |    367 |      0 |   7594 |  12 |  789.3 |
        Temple |    292 |     80 |    212 |      0 |     68 |   1 |  292.0 |
       Ossuary |    851 |    851 |      0 |      0 |    351 |   1 |  851.0 |
               +--------+--------+--------+--------+--------+-----+--------+

Top non-repeatable levels by time:
    D:10: 1673 daAuts
    D:11: 1039 daAuts
     D:8: 924 daAuts
     D:2: 882 daAuts
 Ossuary: 851 daAuts
     D:6: 822 daAuts
     D:9: 818 daAuts
     D:4: 744 daAuts
     D:3: 684 daAuts
     D:1: 645 daAuts
     D:5: 641 daAuts
     D:7: 574 daAuts
  Temple: 292 daAuts
    D:12: 23 daAuts
